Map: Interloper LE

Players

Yata

  • Race: Zerg Zerg
  • League: Platinum
  • Spawn Location: 5:00

takeiteasy - Winner!

  • Race: Terran Terran
  • League: Diamond
  • Spawn Location: 11:00

VOD

Have the link to the VOD?

Description

Time

  • Played on: Nov. 8, 2017, 3:58 p.m.
  • Length: 14:27
Show
View Real Time Build Order
Export as new Build Order

Yata Zerg 

Build Orders: Hatch First 

Get SALT Encoding   

  12  0:01  Drone  
  13  0:13  Overlord  
  13  0:17  Drone  
  14  0:31  Drone x2  
  14  0:35  Drone  
  17  0:55  Hatchery  
  17  0:56  Drone  
  17  0:59  Drone  
  19  1:11  Extractor  
  17  1:20  Drone, Spawning Pool  
  17  1:29  Drone  
  18  1:39  Drone  
  19  1:46  Evolution Chamber  
  18  1:50  Overlord  
  18  2:01  Drone  
  19  2:09  Queen  
  19  2:10  Queen  
  19  2:12  Zergling x4  
  25  2:18  Drone  
  25  2:21  Metabolic Boost  
  26  2:43  Drone x4  
  30  2:48  Overlord  
  30  2:53  Drone  
  30  2:55  Drone, Baneling Nest  
  31  3:01  Zergling x2  
  32  3:05  Drone  
  32  3:09  Queen  
  35  3:14  Zergling x2  
  35  3:17  Drone x2  
  38  3:21  Drone  
  38  3:22  Drone  
  38  3:23  Drone  
  41  3:34  Pneumatized Carapace  
  41  3:36  Drone  
  41  3:37  Drone x2  
  43  3:49  Zergling x2  
  43  3:52  Overlord x3  
  44  3:59  Baneling x3  
  44  4:00  Baneling  
  44  4:07  Hatchery  
  44  4:08  Drone  
  44  4:10  Drone  
  44  4:11  Drone  
  44  4:13  Drone  
  44  4:16  Zergling x4  
  49  4:22  Zergling x4  
  51  4:31  Zerg Melee Weapons Level 1  
  51  4:35  Extractor  
  51  4:38  Extractor, Drone x2  
  50  4:39  Drone x2  
  50  4:40  Drone x2  
  50  4:41  Zergling x2  
  56  4:52  Zergling x4  
  52  4:59  Zergling x8  
  56  5:12  Zergling x6  
  56  5:13  Zergling x2  
  60  5:15  Baneling x3  
  60  5:16  Zergling x2  
  61  5:29  Drone x3  
  61  5:31  Drone  
  56  5:46  Zergling x18  
  63  5:51  Lair  
  63  5:56  Zergling x4  
  65  6:00  Drone  
  66  6:04  Zergling x6  
  69  6:12  Spore Crawler x2  
  69  6:14  Spore Crawler, Queen x2  
  70  6:28  Zerg Ground Armor Level 1  
  70  6:30  Zergling x8  
  70  6:32  Overlord x3  
  74  6:33  Overlord x2  
  74  6:35  Baneling x3  
  74  6:36  Baneling x7  
  74  6:55  Centrifical Hooks  
  74  6:57  Hydralisk Den  
  74  6:58  Drone x2  
  74  6:59  Drone x6  
  74  7:00  Drone x6  
  87  7:25  Hydralisk  
  87  7:26  Hydralisk x4  
  87  7:29  Zergling x2  
  98  7:31  Overlord x5  
  98  7:34  Overseer x3  
  98  7:42  Overlord x4  
  98  7:50  Hydralisk  
  98  7:51  Hydralisk x3  
  100  7:54  Zergling x8  
  110  8:20  Hydralisk x5  
  120  8:30  Extractor  
  119  8:37  Zergling x2  
  119  8:38  Zergling x22  
  123  9:02  Queen  
  123  9:03  Queen  
  123  9:04  Queen  
  129  9:10  Muscular Augments  
  129  9:11  Zergling x2  
  129  9:12  Zergling x22  
  127  9:25  Zergling x12  
  119  9:34  Hydralisk x3  
  119  9:38  Queen  
  108  9:45  Zerg Melee Weapons Level 2  
  110  9:48  Zergling x6  
  113  10:00  Drone  
  113  10:01  Drone x4  
  113  10:06  Hatchery x2  
  101  10:17  Zergling x20  
  82  10:32  Hydralisk  
  82  10:33  Hydralisk x6  
  93  10:40  Hydralisk  
  93  10:43  Baneling  
  93  10:44  Baneling  
  93  10:45  Baneling x6  
  93  10:46  Baneling x10  
  93  10:47  Zergling x6  
  93  10:48  Zergling x2  
  97  10:55  Drone x2  
  97  10:56  Drone x2  
  101  11:02  Drone x4  
  105  11:10  Zergling x2  
  105  11:11  Infestation Pit, Zergling x8  
  109  11:16  Drone  
  110  11:19  Drone x2  
  110  11:20  Drone x4  
  110  11:21  Drone  
  117  11:27  Zergling x6  
  117  11:30  Queen  
  122  11:41  Zergling x4  
  122  11:42  Zergling x14  
  131  11:48  Hive  
  131  11:50  Drone x2  
  131  11:51  Drone  
  134  11:55  Zergling x8  
  138  12:04  Zergling x4  
  138  12:05  Zergling x14  
  136  12:25  Zergling x2  
  136  12:26  Zergling x12  
  139  12:31  Overlord  
  139  12:32  Overlord x5  
  133  12:41  Zergling x2  
  133  12:42  Zergling x10  
  135  12:46  Zergling x4  
  135  12:47  Zergling x2  
  135  12:56  Zergling x2  
  135  12:57  Zergling x6  
  131  13:05  Zergling x2  
  131  13:06  Zergling x12  
  130  13:27  Zergling x2  
  130  13:28  Zergling x14  
  130  13:33  Hatchery  
  137  13:41  Evolution Chamber  
  131  13:43  Evolution Chamber  
  98  13:49  Zergling x22  
  98  13:54  Hydralisk x2  
  121  14:18  Ultralisk Cavern  
Show
View Real Time Build Order
Export as new Build Order

takeiteasy Terran - Winner!

Build Orders: Reaper Expand, MMM Bio 

Get SALT Encoding   

  12  0:01  SCV  
  13  0:13  SCV  
  14  0:17  Supply Depot  
  14  0:25  SCV  
  15  0:39  SCV  
  15  0:40  Barracks  
  16  0:46  Refinery  
  16  0:51  SCV  
  17  1:03  SCV  
  18  1:15  SCV  
  19  1:27  Orbital Command  
  19  1:30  Reaper  
  20  1:44  Command Center  
  20  1:53  SCV  
  21  2:02  Supply Depot  
  21  2:05  SCV  
  22  2:14  Factory  
  22  2:15  Refinery  
  22  2:17  SCV  
  23  2:23  Marine  
  25  2:30  SCV  
  25  2:43  SCV, Marine  
  27  2:50  Barracks  
  27  2:56  SCV  
  28  3:02  Factory Tech Lab, Starport  
  28  3:04  Marine  
  28  3:05  Orbital Command  
  29  3:08  SCV  
  30  3:23  Marine  
  30  3:25  SCV  
  32  3:32  Barracks  
  32  3:34  Supply Depot  
  32  3:35  SCV  
  32  3:37  SCV  
  32  3:39  Barracks Tech Lab  
  34  3:47  Factory Reactor, SCV  
  34  3:50  Marine  
  34  3:51  Raven  
  37  3:57  Supply Depot  
  37  4:05  Bunker  
  37  4:06  SCV x2  
  37  4:09  Barracks Reactor  
  39  4:11  Stimpack  
  39  4:13  Marine  
  40  4:18  SCV x2  
  42  4:25  Barracks Reactor  
  42  4:27  Barracks  
  42  4:30  SCV  
  42  4:31  Marine, Engineering Bay  
  43  4:32  SCV  
  43  4:34  Refinery  
  45  4:42  SCV  
  46  4:49  Marine  
  44  4:54  SCV  
  44  4:55  SCV  
  44  4:56  Widow Mine x2  
  44  4:59  Marine x2  
  51  5:06  SCV  
  54  5:07  Marauder  
  54  5:10  Banshee  
  57  5:16  Marine x2  
  57  5:17  Marine x2  
  61  5:24  SCV  
  62  5:28  Supply Depot  
  62  5:32  Supply Depot  
  62  5:34  Supply Depot  
  62  5:37  Widow Mine  
  62  5:38  SCV  
  62  5:49  Widow Mine, Marine x5  
  62  5:55  Supply Depot  
  69  5:57  Supply Depot  
  69  6:00  Viking  
  71  6:05  SCV  
  71  6:06  SCV  
  71  6:07  Marine x4  
  71  6:08  Marauder  
  71  6:09  Refinery  
  79  6:21  Widow Mine x2  
  79  6:25  Barracks Reactor, Marine x4  
  83  6:29  Marauder  
  89  6:33  Terran Infantry Weapons Level 1  
  89  6:43  Marine  
  90  6:49  Command Center  
  90  6:51  Marauder  
  90  6:52  Medivac  
  94  7:03  Marine x3  
  94  7:04  Marine  
  94  7:06  Combat Shields  
  98  7:12  Marauder  
  98  7:13  Engineering Bay  
  98  7:15  Armory  
  100  7:21  Medivac  
  102  7:41  Supply Depot  
  102  7:43  Supply Depot  
  102  8:00  SCV x2, Marine x5  
  102  8:01  Marauder  
  111  8:13  SCV  
  111  8:15  SCV  
  111  8:18  Marine x4  
  117  8:22  Terran Infantry Armor Level 1, Barracks, Marauder  
  117  8:23  Barracks  
  117  8:25  Barracks, SCV  
  118  8:27  SCV  
  119  8:36  Marine x3  
  119  8:37  SCV  
  119  8:39  SCV  
  124  8:49  SCV  
  124  8:51  SCV  
  126  8:56  Marine x5  
  131  9:12  Marine x2  
  133  9:19  Marine x3  
  133  9:22  Marine x3  
  133  9:24  Marine, Marauder  
  112  9:36  Marine x2  
  112  9:37  Marine x3  
  109  9:40  Marine x3  
  109  9:42  Marine  
  109  9:44  SCV x2  
  117  9:45  Planetary Fortress, Marauder  
  117  9:54  Terran Infantry Weapons Level 2, Marine x2  
  117  9:55  Marine x3  
  117  9:56  SCV x2  
  117  9:57  Siege Tank  
  127  10:00  Factory  
  120  10:07  Marauder  
  114  10:15  SCV x2  
  108  10:21  Marine  
  108  10:22  Marine x5  
  108  10:27  SCV x2  
  108  10:28  Marauder  
  118  10:29  Siege Tank  
  121  10:39  SCV x2  
  121  10:41  Terran Infantry Armor Level 2  
  120  10:44  Medivac x2  
  120  10:49  Marauder  
  126  10:50  Factory Tech Lab  
  126  10:51  SCV x2  
  128  11:02  SCV  
  128  11:03  SCV  
  128  11:04  SCV  
  131  11:05  Command Center  
  131  11:08  Barracks Reactor x2, Barracks Tech Lab  
  131  11:14  Medivac  
  133  11:20  Supply Depot  
  133  11:21  Supply Depot  
  133  11:23  Supply Depot  
  133  11:25  Supply Depot  
  133  11:42  SCV x3, Marine x5  
  133  11:43  Marine, Marauder x2  
  146  11:50  Medivac  
  146  11:51  Medivac  
  146  11:52  Siege Tank  
  146  11:53  Drilling Claws  
  153  11:54  Widow Mine, SCV x2  
  153  12:00  Marine x5  
  162  12:04  Marauder  
  162  12:06  SCV  
  165  12:17  SCV  
  165  12:21  Marine x5  
  165  12:22  Marine x5, Marauder  
  177  12:26  Marauder  
  177  12:29  SCV  
  172  12:36  Planetary Fortress  
  159  12:38  Marine  
  159  12:39  Marine x5  
  159  12:40  Marine x4  
  159  12:43  Marauder  
  168  12:47  Marauder  
  170  12:56  Marine  
  163  13:10  Marine x2  
  163  13:11  Marine x4  
  163  13:12  Marine x3, Marauder x2  
  153  13:14  Marine  
  154  13:28  Marine x3  
  154  13:29  Widow Mine, Marine x4  
  154  13:31  Siege Tank  
  154  13:33  Marine x3, Marauder x2  
  173  13:46  Marine  
  150  13:52  Marine x2  
  150  13:53  Marine x6  
  150  13:54  Marine, Marauder x2  
  155  13:57  Widow Mine  
  157  14:04  Marine  
  164  14:20  Command Center  
Tags
 
Composition
MMM Bio
Matchup
TvZ
Replay Pack
Pack 1
Spawn Locations
Cross Positions
Add a new tag
Caveats
  • Supply blocks, unpowered buildings, or Contaminate may cause inaccurate times.
  • Supply counts are checked every 10 seconds.